3252 views
Uploaded 2020-02-17 00:06:46
Game version 1.32 / 1.32.1
13:12 long 3on3 ladder game on (6)RollingHills
Saved by BEARAND
3252 views
Uploaded 2020-02-17 00:06:46
Game version 1.32 / 1.32.1
13:12 long 3on3 ladder game on (6)RollingHills


47 units @ 4.1k
/ 0.3k
83 buildings @ 8.1k
/ 4.1k


| Lesser Clarity Potion | 1 | 70 |
| Boots of Speed | 2 | 500 |
| Staff of Teleportation | 1 | 150 |
| Healing Salve | 4 | 400 |
| Scroll of Speed | 1 | 50 |
| total: | 9 | 1170g |
| Peasant | 18 | 1350 | / | 0 |
| total: | 18 | 1350g | / | 0w |
| Scout Tower | 33 | 990 | / | 660 |
| Arcane Tower | 2 | 140 | / | 100 |
| Guard Tower | 22 | 1540 | / | 1100 |
| Altar of Kings | 1 | 180 | / | 50 |
| Farm | 3 | 240 | / | 60 |
| Lumber Mill | 1 | 120 | / | 0 |
| Town Hall | 1 | 385 | / | 205 |
| Arcane Vault | 3 | 390 | / | 90 |
| Arcane Sanctum | 1 | 150 | / | 140 |
| Keep | 1 | 320 | / | 210 |
| Castle | 1 | 360 | / | 210 |
| total: | 43 | 2455g | / | 1205w |
| 0:01 | Peasant |
| 0:04 | Altar of Kings |
| 0:07 | Peasant |
| 0:18 | Farm |
| 0:23 | Peasant |
| 0:34 | Peasant |
| 0:45 | Peasant |
| 1:00 | Farm |
| 1:06 | Peasant |
| 1:19 | Lumber Mill |
| 1:21 | Peasant |
| 1:27 | Peasant |
| 1:42 | Scout Tower |
| 1:44 | Scout Tower |
| 1:46 | Peasant |
| 1:48 | Blizzard |
| 1:50 | Peasant |
| 2:08 | Arcane Tower |
| 2:09 | Scout Tower |
| 2:11 | Scout Tower |
| 2:13 | Peasant |
| 2:17 | Arcane Tower |
| 2:25 | Peasant |
| 2:28 | Scout Tower |
| 2:30 | Scout Tower |
| 2:33 | Peasant |
| 2:37 | Guard Tower |
| 2:46 | Guard Tower |
| 3:01 | Peasant |
| 3:05 | Improved Masonry |
| 3:10 | Scout Tower |
| 3:16 | Guard Tower |
| 3:35 | Scout Tower |
| 3:35 | Guard Tower |
| 3:44 | Boots of Speed |
| 3:45 | Staff of Teleportation |
| 3:58 | Healing Salve |
| 4:03 | Scout Tower |
| 4:05 | Guard Tower |
| 4:12 | Guard Tower |
| 4:15 | Scout Tower |
| 4:35 | Scout Tower |
| 4:35 | Scout Tower |
| 4:40 | Keep |
| 4:42 | Guard Tower |
| 4:43 | Scout Tower |
| 5:04 | Scout Tower |
| 5:09 | Guard Tower |
| 5:19 | Guard Tower |
| 5:29 | Scout Tower |
| 5:32 | Farm |
| 5:38 | Guard Tower |
| 5:41 | Scout Tower |
| 6:38 | Guard Tower |
| 6:52 | Guard Tower |
| 6:53 | Scout Tower |
| 6:53 | Scout Tower |
| 6:55 | Scout Tower |
| 6:56 | Scout Tower |
| 6:57 | Scout Tower |
| 6:57 | Scout Tower |
| 7:02 | Peasant |
| 7:03 | Advanced Masonry |
| 7:24 | Guard Tower |
| 7:34 | Scout Tower |
| 7:44 | Castle |
| 7:47 | Brilliance Aura |
| 7:57 | Healing Salve |
| 7:57 | Scroll of Speed |
| 8:03 | Storm Bolt |
| 8:20 | Guard Tower |
| 8:23 | Scout Tower |
| 8:24 | Scout Tower |
| 8:31 | Boots of Speed |
| 8:40 | Scout Tower |
| 8:41 | Scout Tower |
| 8:43 | Healing Salve |
| 8:51 | Scout Tower |
| 8:52 | Guard Tower |
| 8:56 | Scout Tower |
| 8:58 | Scout Tower |
| 9:07 | Scout Tower |
| 9:11 | Guard Tower |
| 9:26 | Guard Tower |
| 9:27 | Scout Tower |
| 9:39 | Guard Tower |
| 9:41 | Guard Tower |
| 10:00 | Town Hall |
| 10:14 | Guard Tower |
| 10:16 | Scout Tower |
| 10:44 | Imbued Masonry |
| 10:46 | Guard Tower |
| 11:04 | Arcane Sanctum |
| 11:16 | Guard Tower |
| 11:50 | Improved Lumber Harvesting |
| 11:56 | Healing Salve |
| 12:01 | Arcane Vault |
| 12:03 | Arcane Vault |
| 12:06 | Arcane Vault |
| 12:10 | Lesser Clarity Potion |
| 12:19 | Peasant |
| 12:19 | Peasant |
| 12:19 | Peasant |
| 12:45 | Magic Sentry |
| 13:09 | Bash |
| 13:09 | Blizzard |
| Right click | 706 |
| Assign group | 472 |
| Select group | 381 |
| Select | 178 |
| Build/train/purchase | 78 |
| Use ability | 45 |
| Misc. action | 6 |
| Item give/drop | 3 |
| Minimap ping | 2 |
| Remove unit | 1 |

| Lesser Clarity Potion | 7 | 490 |
| Healing Salve | 3 | 300 |
| Orb of Lightning | 1 | 375 |
| Boots of Speed | 1 | 250 |
| Staff of Teleportation | 1 | 150 |
| total: | 13 | 1565g |
| Peon | 11 | 825 | / | 0 |
| Troll Batrider | 5 | 800 | / | 200 |
| total: | 16 | 1625g | / | 200w |
| Watch Tower | 19 | 2090 | / | 1520 |
| Altar of Storms | 1 | 180 | / | 50 |
| Orc Burrow | 4 | 640 | / | 160 |
| War Mill | 1 | 205 | / | 0 |
| Voodoo Lounge | 2 | 260 | / | 60 |
| Beastiary | 2 | 290 | / | 280 |
| Stronghold | 1 | 315 | / | 190 |
| Fortress | 1 | 325 | / | 190 |
| total: | 29 | 3665g | / | 2070w |
| 0:01 | Peon |
| 0:01 | Peon |
| 0:08 | Altar of Storms |
| 0:16 | Peon |
| 0:17 | Orc Burrow |
| 0:35 | Peon |
| 0:46 | Peon |
| 0:55 | Peon |
| 1:12 | Peon |
| 1:15 | War Mill |
| 1:19 | Peon |
| 1:35 | Peon |
| 1:44 | Voodoo Lounge |
| 1:52 | Voodoo Lounge |
| 2:04 | Peon |
| 2:07 | Wind Walk |
| 2:25 | Peon |
| 2:30 | Watch Tower |
| 2:33 | Watch Tower |
| 3:17 | Stronghold |
| 3:39 | Watch Tower |
| 3:59 | Watch Tower |
| 4:01 | Watch Tower |
| 4:03 | Watch Tower |
| 4:05 | Boots of Speed |
| 4:26 | Lesser Clarity Potion |
| 4:28 | Healing Salve |
| 4:28 | Lesser Clarity Potion |
| 5:29 | Critical Strike |
| 5:33 | Watch Tower |
| 5:37 | Watch Tower |
| 5:42 | Fortress |
| 5:44 | Lesser Clarity Potion |
| 5:45 | Lesser Clarity Potion |
| 6:16 | Watch Tower |
| 6:56 | Beastiary |
| 6:57 | Beastiary |
| 7:00 | Healing Salve |
| 7:02 | Lesser Clarity Potion |
| 7:07 | Watch Tower |
| 7:42 | Staff of Teleportation |
| 7:48 | Watch Tower |
| 8:08 | Orc Burrow |
| 8:09 | Orc Burrow |
| 8:10 | Steel Ranged Weapons |
| 8:37 | Watch Tower |
| 8:47 | Lesser Clarity Potion |
| 8:49 | Orb of Lightning |
| 8:53 | Watch Tower |
| 9:00 | Orc Burrow |
| 9:12 | Thorium Ranged Weapons |
| 9:50 | Watch Tower |
| 9:52 | Watch Tower |
| 10:20 | Watch Tower |
| 10:21 | Watch Tower |
| 10:23 | Troll Batrider |
| 10:41 | Wind Walk |
| 11:13 | Troll Batrider |
| 11:13 | Liquid Fire |
| 11:20 | Lesser Clarity Potion |
| 11:22 | Healing Salve |
| 11:40 | Watch Tower |
| 11:45 | Troll Batrider |
| 12:14 | Watch Tower |
| 12:15 | Troll Batrider |
| 12:46 | Troll Batrider |
| Right click | 1449 |
| Select | 161 |
| Build/train/purchase | 69 |
| Select group | 66 |
| Chat | 17 |
| Use ability | 10 |
| Assign group | 6 |
| Resource trade | 5 |
| Item give/drop | 2 |
| Esc | 2 |
| Minimap ping | 2 |
| Misc. action | 1 |
| Remove unit | 1 |
⇛
TIMG4STRok
(13:09) : 

| Healing Salve | 2 | 200 |
| Lesser Clarity Potion | 2 | 140 |
| Orb of Lightning | 3 | 1125 |
| Dust of Appearance | 1 | 75 |
| Staff of Teleportation | 2 | 300 |
| Boots of Speed | 2 | 500 |
| Circlet of Nobility | 3 | 525 |
| total: | 15 | 2865g |
| Peon | 11 | 825 | / | 0 |
| Troll Batrider | 2 | 320 | / | 80 |
| total: | 13 | 1145g | / | 80w |
| Watch Tower | 1 | 110 | / | 80 |
| Altar of Storms | 1 | 180 | / | 50 |
| Orc Burrow | 4 | 640 | / | 160 |
| War Mill | 1 | 205 | / | 0 |
| Voodoo Lounge | 1 | 130 | / | 30 |
| Great Hall | 1 | 385 | / | 185 |
| Beastiary | 2 | 290 | / | 280 |
| Stronghold | 2 | 630 | / | 380 |
| Fortress | 1 | 325 | / | 190 |
| total: | 11 | 1940g | / | 785w |
| 0:03 | Peon |
| 0:03 | Peon |
| 0:05 | Altar of Storms |
| 0:13 | Orc Burrow |
| 0:29 | Peon |
| 0:40 | War Mill |
| 0:49 | Peon |
| 0:57 | Peon |
| 1:07 | Peon |
| 1:13 | Peon |
| 1:32 | Peon |
| 1:41 | Peon |
| 1:57 | Peon |
| 2:10 | Wind Walk |
| 2:15 | Peon |
| 2:35 | Stronghold |
| 2:37 | Orc Burrow |
| 2:43 | Voodoo Lounge |
| 4:37 | Staff of Teleportation |
| 4:37 | Boots of Speed |
| 4:37 | Circlet of Nobility |
| 5:53 | Circlet of Nobility |
| 5:53 | Dust of Appearance |
| 5:56 | Fortress |
| 6:19 | Hex |
| 6:25 | Critical Strike |
| 6:57 | Staff of Teleportation |
| 6:57 | Boots of Speed |
| 6:58 | Circlet of Nobility |
| 7:08 | Healing Salve |
| 7:12 | Lesser Clarity Potion |
| 8:21 | Beastiary |
| 8:23 | Beastiary |
| 8:25 | Orc Burrow |
| 9:26 | Orb of Lightning |
| 9:30 | Troll Batrider |
| 9:39 | Healing Wave |
| 11:07 | Wind Walk |
| 11:12 | Watch Tower |
| 11:14 | Troll Batrider |
| 11:17 | Orc Burrow |
| 11:29 | Healing Salve |
| 11:30 | Lesser Clarity Potion |
| 11:56 | Great Hall |
| 12:08 | Orb of Lightning |
| 12:08 | Orb of Lightning |
| 12:24 | Spiked Barricades |
| Right click | 674 |
| Select group | 362 |
| Select | 89 |
| Build/train/purchase | 57 |
| Resource trade | 37 |
| Use ability | 32 |
| Misc. action | 19 |
| Minimap ping | 9 |
| Assign group | 8 |
| Chat | 7 |
| Item give/drop | 4 |
| Esc | 1 |
112 units @ 13.8k
/ 1.4k
41 buildings @ 6.6k
/ 2.2k

| Wisp | 17 | 1020 | / | 0 |
| Archer | 6 | 780 | / | 60 |
| Glaive Thrower | 5 | 1050 | / | 325 |
| Huntress | 7 | 1365 | / | 140 |
| total: | 35 | 4215g | / | 525w |
| Ancient Protector | 3 | 405 | / | 240 |
| Altar of Elders | 1 | 180 | / | 50 |
| Moon Well | 8 | 1440 | / | 320 |
| Ancient of War | 1 | 150 | / | 60 |
| Hunter's Hall | 1 | 210 | / | 100 |
| Tree of Ages | 1 | 320 | / | 180 |
| total: | 14 | 2385g | / | 770w |
| 0:06 | Wisp |
| 0:06 | Wisp |
| 0:07 | Wisp |
| 0:11 | Altar of Elders |
| 0:25 | Moon Well |
| 0:28 | Wisp |
| 0:29 | Wisp |
| 0:40 | Ancient of War |
| 0:47 | Wisp |
| 1:33 | Moon Well |
| 1:36 | Wisp |
| 1:44 | Archer |
| 1:44 | Archer |
| 2:00 | Wisp |
| 2:14 | Archer |
| 2:29 | Hunter's Hall |
| 2:34 | Archer |
| 2:41 | Immolation |
| 2:54 | Archer |
| 3:19 | Archer |
| 3:23 | Moon Well |
| 4:09 | Glaive Thrower |
| 4:10 | Glaive Thrower |
| 5:15 | Moon Well |
| 5:18 | Huntress |
| 5:18 | Huntress |
| 6:03 | Strength of the Moon |
| 6:10 | Moon Well |
| 7:02 | Huntress |
| 7:02 | Huntress |
| 7:07 | Moon Well |
| 8:10 | Wisp |
| 8:19 | Wisp |
| 8:34 | Wisp |
| 8:35 | Wisp |
| 8:38 | Mana Burn |
| 8:47 | Wisp |
| 8:47 | Wisp |
| 9:01 | Glaive Thrower |
| 9:01 | Glaive Thrower |
| 9:07 | Moon Well |
| 9:17 | Ancient Protector |
| 9:20 | Wisp |
| 9:20 | Wisp |
| 9:27 | Ancient Protector |
| 9:47 | Huntress |
| 9:47 | Huntress |
| 9:58 | Wisp |
| 10:23 | Ancient Protector |
| 11:01 | Huntress |
| 11:23 | Tree of Ages |
| 11:32 | Moon Well |
| 11:42 | Glaive Thrower |
| Right click | 351 |
| Select | 276 |
| Build/train/purchase | 56 |
| Use ability | 8 |
| Misc. action | 3 |
| Remove unit | 2 |
| Minimap ping | 1 |

| Wisp | 11 | 660 | / | 0 |
| Archer | 22 | 2860 | / | 220 |
| Glaive Thrower | 1 | 210 | / | 65 |
| Hippogryph | 4 | 640 | / | 80 |
| total: | 38 | 4370g | / | 365w |
| Altar of Elders | 1 | 180 | / | 50 |
| Moon Well | 4 | 720 | / | 160 |
| Ancient of War | 2 | 300 | / | 120 |
| Hunter's Hall | 1 | 210 | / | 100 |
| Ancient of Wonders | 1 | 90 | / | 30 |
| Ancient of Wind | 1 | 150 | / | 140 |
| Tree of Ages | 2 | 640 | / | 360 |
| Tree of Eternity | 1 | 330 | / | 200 |
| total: | 10 | 1650g | / | 600w |
| 0:03 | Wisp |
| 0:03 | Wisp |
| 0:04 | Wisp |
| 0:07 | Altar of Elders |
| 0:19 | Moon Well |
| 0:22 | Wisp |
| 0:38 | Wisp |
| 1:02 | Ancient of War |
| 1:17 | Wisp |
| 1:17 | Wisp |
| 1:17 | Wisp |
| 1:18 | Wisp |
| 1:18 | Wisp |
| 1:28 | Moon Well |
| 1:40 | Wisp |
| 2:06 | Archer |
| 2:09 | Force of Nature |
| 2:19 | Archer |
| 2:44 | Moon Well |
| 2:48 | Hunter's Hall |
| 2:57 | Archer |
| 2:57 | Archer |
| 3:05 | Archer |
| 3:05 | Archer |
| 4:12 | Tree of Ages |
| 4:19 | Archer |
| 4:19 | Archer |
| 4:20 | Strength of the Moon |
| 4:27 | Archer |
| 4:28 | Archer |
| 5:57 | Archer |
| 5:58 | Archer |
| 5:58 | Archer |
| 6:00 | Moon Armor |
| 6:06 | Ancient of War |
| 6:11 | Moon Well |
| 6:15 | Ancient of Wonders |
| 6:34 | Nature's Blessing |
| 6:36 | Improved Strength of the Moon |
| 6:59 | Glaive Thrower |
| 7:49 | Entangling Roots |
| 8:56 | Archer |
| 8:56 | Archer |
| 8:57 | Tree of Eternity |
| 9:09 | Ancient of Wind |
| 9:52 | Archer |
| 9:52 | Archer |
| 9:52 | Archer |
| 9:53 | Improved Bows |
| 10:02 | Improved Moon Armor |
| 10:06 | Archer |
| 10:06 | Archer |
| 11:32 | Marksmanship |
| 11:34 | Archer |
| 11:34 | Archer |
| 11:36 | Hippogryph |
| 11:36 | Hippogryph |
| 11:40 | Hippogryph |
| 11:40 | Hippogryph |
| Right click | 413 |
| Select | 136 |
| Build/train/purchase | 52 |
| Use ability | 6 |
| Misc. action | 2 |
| Remove unit | 2 |
| Minimap ping | 1 |

| Lesser Clarity Potion | 1 | 70 |
| Healing Salve | 1 | 100 |
| Boots of Speed | 1 | 250 |
| total: | 3 | 420g |
| Peon | 8 | 600 | / | 0 |
| Grunt | 5 | 1000 | / | 0 |
| Troll Headhunter | 26 | 3640 | / | 520 |
| total: | 39 | 5240g | / | 520w |
| Watch Tower | 4 | 440 | / | 320 |
| Barracks | 2 | 360 | / | 100 |
| Orc Burrow | 8 | 1280 | / | 320 |
| Altar of Storms | 1 | 180 | / | 50 |
| Voodoo Lounge | 1 | 130 | / | 30 |
| War Mill | 1 | 205 | / | 0 |
| Stronghold | 1 | 315 | / | 190 |
| total: | 17 | 2595g | / | 820w |
| 0:04 | Peon |
| 0:04 | Peon |
| 0:08 | Barracks |
| 0:14 | Peon |
| 0:23 | Orc Burrow |
| 0:39 | Altar of Storms |
| 1:18 | Grunt |
| 1:20 | Grunt |
| 1:39 | Peon |
| 1:52 | Orc Burrow |
| 2:25 | Voodoo Lounge |
| 2:47 | Orc Burrow |
| 3:19 | Wind Walk |
| 3:21 | Grunt |
| 3:21 | Grunt |
| 3:22 | Grunt |
| 3:59 | War Mill |
| 4:05 | Peon |
| 4:05 | Peon |
| 5:00 | Peon |
| 5:00 | Peon |
| 6:03 | Troll Headhunter |
| 6:03 | Troll Headhunter |
| 6:03 | Troll Headhunter |
| 6:03 | Troll Headhunter |
| 6:08 | Orc Burrow |
| 6:09 | Orc Burrow |
| 6:12 | Orc Burrow |
| 6:13 | Orc Burrow |
| 6:16 | Orc Burrow |
| 7:07 | Barracks |
| 7:09 | Watch Tower |
| 7:10 | Watch Tower |
| 7:11 | Watch Tower |
| 7:13 | Watch Tower |
| 7:58 | Troll Headhunter |
| 7:58 | Troll Headhunter |
| 7:58 | Troll Headhunter |
| 7:58 | Troll Headhunter |
| 7:58 | Troll Headhunter |
| 8:16 | Troll Headhunter |
| 8:16 | Troll Headhunter |
| 8:18 | Steel Ranged Weapons |
| 8:32 | Troll Headhunter |
| 8:32 | Troll Headhunter |
| 8:45 | Lesser Clarity Potion |
| 8:47 | Healing Salve |
| 10:17 | Critical Strike |
| 10:27 | Stronghold |
| 10:30 | Troll Headhunter |
| 10:30 | Troll Headhunter |
| 10:30 | Troll Headhunter |
| 10:30 | Troll Headhunter |
| 10:30 | Troll Headhunter |
| 10:30 | Troll Headhunter |
| 11:24 | Troll Headhunter |
| 11:24 | Troll Headhunter |
| 11:24 | Troll Headhunter |
| 11:24 | Troll Headhunter |
| 11:24 | Troll Headhunter |
| 11:41 | Boots of Speed |
| 11:50 | Spiked Barricades |
| 11:53 | Troll Headhunter |
| 11:54 | Troll Headhunter |
| Right click | 1187 |
| Select | 147 |
| Select group | 140 |
| Misc. action | 101 |
| Build/train/purchase | 60 |
| Assign group | 15 |
| Chat | 4 |
| Use ability | 3 |
| Minimap ping | 3 |
| Remove unit | 1 |